 Dungeon Crawl Stone Soup version 0.26-a0-505-g732bf3b8d2 (webtiles) character file.

Game seed: 9332121226960321102

1936 KristoblXynda the Covert (level 8, -2/58 HPs)
             Began as a Vampire Brigand on Aug 9, 2020.
             Was a Follower of Ashenzari.
             Slain by an orc warrior
             ... wielding a +4 war axe
              (13 damage)
             ... on level 7 of the Dungeon.
             The game lasted 00:09:15 (4993 turns).

KristoblXynda the Covert (Vampire Brigand)          Turns: 4993, Time: 00:09:15

Health: -2/58      AC: 10    Str: 15    XL:     8   Next: 97%
Magic:  8/8        EV: 18    Int: 14    God:    Ashenzari [*.....]
Gold:   407        SH:  0    Dex: 27    Spells: 7/7 levels left

rFire    . . .     SeeInvis +   v - +4 dagger (venom) (curse)
rCold    + . .     Faith    .   (no shield)
rNeg     . . .     Spirit   .   y - +2 robe of Parlour Games {-Cast rC+ Str+3 Dex+6}
rPois    .         Reflect  .   B - +2 helmet (curse)
rElec    .         Harm     .   c - +0 cloak
rCorr    .         NoCast   +   n - +1 pair of gloves
MR       +....                  (no boots)
Stlth    +++++.....             (no amulet)
HPRegen  0.39/turn              u - +6 ring of dexterity
MPRegen  0.11/turn              D - ring of protection from magic

@: regenerating quickly, lightly drained
A: fangs 3, see invisible, unbreathing
a: Exsanguinate, Curse Item, Scrying, Renounce Religion


You were on level 7 of the Dungeon.
You worshipped Ashenzari.
Ashenzari was aware of your devotion.
You visited 1 branch of the dungeon, and saw 7 of its levels.

You collected 407 gold pieces.

Inventory:

Hand Weapons
 a - a +2 dagger
 v - a cursed +4 dagger of venom (weapon)
Missiles
 e - 2 curare-tipped darts (quivered)
 j - a throwing net
Armour
 c - a +0 cloak (worn)
 n - a +1 pair of gloves (worn)
 y - the +2 robe of Parlour Games (worn) {-Cast rC+ Str+3 Dex+6}
   (You found it on level 5 of the Dungeon)

   It affects your strength (+3).
   It affects your dexterity (+6).
   It protects you from cold.
   It prevents spellcasting.
 B - a cursed +2 helmet (worn)
Jewellery
 u - a +6 ring of dexterity (left hand)
 C - a +6 ring of intelligence
 D - a ring of protection from magic (right hand)
Wands
 A - a wand of iceblast (6)
Scrolls
 h - 3 scrolls of remove curse
 k - 5 scrolls of teleportation
 o - 2 scrolls of enchant armour
 q - a scroll of amnesia
Potions
 b - 3 potions of heal wounds
 d - 3 potions of magic
 f - 2 potions of flight {unknown}
 g - a potion of stabbing {unknown}
 i - 2 potions of cancellation {unknown}
 l - 3 potions of lignification
 p - 2 potions of berserk rage {unknown}
 r - a potion of haste {unknown}
 s - 2 potions of curing {unknown}
 w - 2 potions of brilliance {unknown}
 x - a potion of invisibility {unknown}
 z - a potion of might {unknown}


   Skills:
 - Level 3.0(2.8) Fighting
 + Level 6.7(6.5) Short Blades
 - Level 1.5(1.3) Throwing
 + Level 4.0(3.9) Armour
 + Level 6.3(6.1) Dodging
 + Level 10.6(10.4) Stealth


You had 7 spell levels left.
You didn't know any spells.
Your spell library contained the following spells:

 Spells                   Type           Power        Failure   Level
 Sandblast                Erth           #.....       28%         1
 Passwall                 Tmut/Erth      #.......     41%         2
 Stone Arrow              Conj/Erth      #.....       65%         3
 Petrify                  Tmut/Erth      #.......     96%         4
 Lee's Rapid Deconstruct  Erth           #.........   100%        5


Dungeon Overview and Level Annotations

Branches:
Dungeon (7/15)             Temple (0/1) D:7

Altars:
Ashenzari
Fedhas
Nemelex Xobeh
Qazlal
Ru
Sif Muna
Wu Jian
Yredelemnul


Innate Abilities, Weirdness & Mutations

Your natural rate of healing is unusually fast.
You have razor-sharp teeth.
You have supernaturally acute eyesight. (SInv)
You can survive without breathing.


Message History

The weapon returns to the orc!
The orc warrior looks more healthy.
The orc throws a boomerang.
The boomerang hits you but does no damage.
The weapon returns to the orc!
You see here an uncursed ring of poison resistance.
You closely miss the orc warrior. Your bite misses the orc warrior.
The orc warrior is heavily wounded.
Evoke which item? (* to show all) (? for menu, Esc to quit)
Press: ? - help, Shift-Dir - straight line The mass of ice explodes!
The iceblast engulfs the orc warrior.
The orc warrior is severely wounded.
The orc warrior closely misses you.
Unknown command.
Unknown command.
You hit the orc warrior but do no damage.
The orc warrior is poisoned.
You bite the orc warrior, but do no damage.
The orc warrior is severely wounded.
The orc warrior hits you with a +4 war axe!
You die...

#...........§≈≈§§..PP
#...........§≈_....._
#..........§§≈≈#§.PPP
#.............≈§§..PP
#..........§..§§§....
#...=o...............
#....................
#...o...............)
#...@................
#....................
#................(.†.
##.................<.
#...................
##..................
##.................
##.........##....# #
#....#


You could see an orc warrior (poisoned) and an orc.

Vanquished Creatures
  Eustachio (D:5)
  A water moccasin (D:6)
  An ice beast (D:6)
  2 phantoms
  2 ogres (D:5)
  4 bullfrogs
  A gnoll sergeant (D:7)
  A scorpion (D:3)
  A howler monkey (D:6)
  3 wights (D:7)
  5 hounds
  3 orc priests
  Crazy Yiuf (D:4)
  A centaur skeleton (D:6)
  A bullfrog skeleton (D:6)
  An iguana (D:4)
  2 orc wizards
  2 worker ants
  A hound zombie (D:5)
  6 gnolls
  6 adders
  A shadow imp (D:4)
  2 white imps
  2 oozes
  2 adder skeletons
  A worm (D:3)
  3 dart slugs
  4 leopard geckos
  14 orcs
  12 giant cockroaches
  6 goblins
  6 hobgoblins
  2 jackals (D:4)
  A quokka (D:4)
  6 bats
  7 frilled lizards
  A jackal skeleton (D:4)
  9 kobolds
  10 rats
135 creatures vanquished.

Notes
Turn   | Place    | Note
-------+----------+-------------------------------------------
     0 | D:1      | KristoblXynda the Vampire Brigand began the quest for the
                  | Orb.
     0 | D:1      | Reached XP level 1. HP: 16/16 MP: 1/1
    50 | D:1      | Reached skill level 6 in Stealth
    50 | D:1      | Reached XP level 2. HP: 14/22 MP: 2/2
   344 | D:1      | Reached XP level 3. HP: 24/27 MP: 3/3
   941 | D:2      | Found a shattered altar of Ashenzari.
   941 | D:2      | Found a sparkling altar of Nemelex Xobeh.
   948 | D:2      | Found a faded altar of an unknown god.
   950 | D:2      | Found a faded altar of an unknown god.
   952 | D:2      | Found an ornate altar of the Wu Jian Council.
   963 | D:2      | Became a worshipper of Ashenzari the Shackled
  1460 | D:3      | Found a sacrificial altar of Ru.
  1465 | D:3      | Reached XP level 4. HP: 34/34 MP: 4/4
  1504 | D:3      | Reached skill level 7 in Stealth
  1504 | D:3      | Reached XP level 5. HP: 10/40 MP: 5/5
  1891 | D:3      | Found a shimmering blue altar of Sif Muna.
  2095 | D:4      | Reached XP level 6. HP: 12/47 MP: 6/6
  2627 | D:4      | Found a runed translucent door.
  2628 | D:4      | Noticed Crazy Yiuf
  2776 | D:4      | Reached skill level 1 in Armour
  2865 | D:4      | Killed Crazy Yiuf
  3135 | D:5      | Entered Level 5 of the Dungeon
  3146 | D:5      | Reached skill level 8 in Stealth
  3277 | D:5      | Reached XP level 7. HP: 42/52 MP: 7/7
  3331 | D:5      | Got the uncursed robe of Parlour Games {-Cast rC+ Str+3
                  | Dex+6}
  3342 | D:5      | Identified the +2 robe of Parlour Games {-Cast rC+ Str+3
                  | Dex+6} (You found it on level 5 of the Dungeon)
  3373 | D:5      | Noticed Eustachio
  3378 | D:5      | Killed Eustachio
  3479 | D:5      | Reached skill level 5 in Short Blades
  3594 | D:5      | Reached skill level 9 in Stealth
  3929 | D:6      | Identified the cursed +1 whip of Change {antimagic, *Noise
                  | rN++ Int+7}
  3941 | D:6      | Reached * piety under Ashenzari
  3954 | D:6      | Reached skill level 5 in Dodging
  3954 | D:6      | Reached XP level 8. HP: 54/58 MP: 8/8
  4316 | D:6      | Reached skill level 10 in Stealth
  4482 | D:6      | Found a basalt altar of Yredelemnul.
  4799 | D:7      | Found a blossoming altar of Fedhas.
  4891 | D:7      | Found a staircase to the Ecumenical Temple.
  4928 | D:7      | Found a stormy altar of Qazlal.
  4993 | D:7      | Slain by an orc warrior

Illustrated notes

Levels and vault maps discovered:
D:1:      minmay_arrival_radiant_lines, layout_loops_ring, serial_glass,
          glass_columns_b, glass_columns_a
D:2:      layout_rooms, chequers_temple_overflow_minitemple
D:3:      layout_loops_cross, nicolae_overflow_hidden_temple,
          overflow_temple_1_default
D:4:      minmay_opposing_rooms, layout_loops_ring, dk_noncrumbling_4,
          uniq_crazy_yiuf_cottage
D:5:      layout_loops_ring, uniq_eustachio
D:6:      layout_loops_ring, lemuel_coloured_pillars_altar
D:7:      wad_guarded_room, layout_layer_cave,
          grunt_temple_overflow_forces_of_nature,
          minmay_temple_entry_statues_pillars

Skill      XL: |  1  2  3  4  5  6  7  8 |
---------------+-------------------------+-----
Fighting       | 2 3 |  3.0
Stealth        | 6 7 8 9 10 | 10.6
Dodging        | 2 3 4 5 6 |  6.3
Short Blades   | 3 4 5 6 |  6.7
Armour         | 1 2 4 |  4.0
Throwing       | |  1.5

Action                   |  1- 3 |  4- 6 |  7- 9 || total
-------------------------+-------+-------+-------++-------
Melee: Dagger            |   121 |   148 |   194 ||   463
       Bite              |     6 |    17 |    36 ||    59
Invok: Curse Item        |       |     1 |     1 ||     2
Evoke: Wand              |       |       |     1 ||     1
  Use: Scroll            |     2 |     6 |     4 ||    12
 Stab: Sleeping          |    13 |     8 |     9 ||    30
       Distracted        |       |       |     1 ||     1
Armor: Robe              |    10 |       |    39 ||    49
       Ring mail         |    29 |    42 |     6 ||    77
Dodge: Dodged            |    73 |    68 |   106 ||   247

Table legend: (Time is in decaauts)
 A = Elapsed time spent in this place.
 B = Non-inter-level travel time spent in this place.
 C = Inter-level travel time spent in this place.
 D = Time resting spent in this place.
 E = Time spent auto-exploring this place.
 F = Levels seen in this place.
 G = Mean time per level.
                   A        B        C        D        E       F      G
               +--------+--------+--------+--------+--------+-----+--------+
         Total |   4888 |   4627 |    261 |    456 |   2832 |   7 |  698.3 |
       Dungeon |   4888 |   4627 |    261 |    456 |   2832 |   7 |  698.3 |
               +--------+--------+--------+--------+--------+-----+--------+

Top non-repeatable levels by time:
     D:4: 1081 daAuts
     D:1: 849 daAuts
     D:6: 803 daAuts
     D:5: 743 daAuts
     D:3: 680 daAuts
     D:2: 482 daAuts
     D:7: 248 daAuts
